 Dungeon Crawl Stone Soup version 0.27-a0-695-gb4952372f7 (webtiles) character file.

Game seed: 17516691195013532128

489 Ajencis the Chiller (level 7, 0/44 (51) HPs)
             Began as a Barachi Ice Elementalist on Mar 21, 2021.
             Was an Initiate of Cheibriados.
             Slain by a wight
             ... wielding a +2 long sword
              (1 damage)
             ... on level 5 of the Dungeon.
             The game lasted 00:09:13 (5831 turns).

Ajencis the Chiller (Barachi Ice Elementalist)      Turns: 5831, Time: 00:09:13

HP:   0/44 (51)     AC:  0    Str: 10    XL:     7   Next: 14%
MP:   8/11          EV: 13    Int: 18    God:    Cheibriados [......]
Gold: 128           SH:  0    Dex: 14    Spells: 4/12 levels left

rFire    . . .     SeeInvis .   g - staff of cold
rCold    + . .     Faith    .   (no shield)
rNeg     . . .     Spirit   .   (no armour)
rPois    .         Reflect  .   (no helmet)
rElec    .         Harm     .   (no cloak)
rCorr    .         Rampage  .   (no gloves)
Will     .....                  (no boots)
Stlth    ++........             (no amulet)
HPRegen  0.14/turn              (no ring)
MPRegen  0.12/turn              (no ring)

@: heavily drained, very slow
A: +LOS, amphibious, slowness 1, strong legs 1
a: Hop, Renounce Religion, Bend Time


You were on level 5 of the Dungeon.
You worshipped Cheibriados.
Cheibriados was noncommittal.
You visited 2 branches of the dungeon, and saw 6 of its levels.

You collected 128 gold pieces.

Inventory:

Hand Weapons
 j - a +2 dagger of venom
Armour
 l - a +0 ring mail
Magical Staves
 g - a staff of cold (weapon)
Scrolls
 a - a scroll of fear {unknown}
 e - 4 scrolls of teleportation {unknown}
 i - a scroll of holy word {unknown}
 n - a scroll of vulnerability {unknown}
 o - 2 scrolls of identify {unknown}
Potions
 b - a potion of berserk rage {unknown}
 c - a potion of mutation {unknown}
 d - 2 potions of magic {unknown}
 f - 2 potions of curing {unknown}
 h - a potion of heal wounds {unknown}
 k - a potion of attraction {unknown}
 m - 2 potions of haste {unknown}


   Skills:
 + Level 2.6 Fighting
 + Level 2.1 Staves
 + Level 2.4 Armour
 + Level 3.2 Dodging
 + Level 3.1 Stealth
 + Level 3.1 Spellcasting
 * Level 1.4 Summonings
 + Level 6.2 Ice Magic
 + Level 2.1 Evocations


You had 4 spell levels left.
You knew the following spells:

 Your Spells              Type           Power      Damage    Failure   Level
a - Freeze                Ice            100%       1d11      1%          1
b - Frozen Ramparts       Ice            76%        1d9       3%          3
c - Summon Ice Beast      Ice/Summ       25%        N/A       32%         4

Your spell library contained the following spells:

 Spells                   Type           Power      Damage    Failure   Level
 Ozocubu's Armour         Ice            38%        N/A       3%          3
 Ensorcelled Hibernation  Hex/Ice        42%        N/A       7%          2
 Summon Small Mammal      Summ           32%        N/A       9%          1
 Call Imp                 Summ           8%         N/A       13%         2
 Animate Skeleton         Necr           4%         N/A       16%         1
 Apportation              Tloc           4%         N/A       16%         1
 Corona                   Hex            2%         N/A       16%         1
 Magic Dart               Conj           8%         1d3       16%         1
 Blink                    Tloc           N/A        N/A       24%         2
 Slow                     Hex            2%         N/A       24%         2
 Hailstorm                Conj/Ice       21%        3d6       41%         4
 Confusing Touch          Hex            2%         N/A       43%         3
 Conjure Flame            Conj/Fire      2%         6-21      43%         3
 Dazzling Flash           Conj/Hex       4%         N/A       43%         3
 Mephitic Cloud           Conj/Pois/Air  2%         N/A       43%         3
 Tukima's Dance           Hex            2%         N/A       43%         3


Dungeon Overview and Level Annotations

Branches:
Dungeon (5/15)             Temple (1/1) D:4

Altars:
Ashenzari
Cheibriados
Dithmenos
Elyvilon
Fedhas
Gozag
Hepliaklqana
Kikubaaqudgha
Makhleb
Nemelex Xobeh
Okawaru
Qazlal
Ru
Sif Muna
Trog
Uskayaw
Wu Jian
Xom
Yredelemnul
Zin
The Shining One

Shops:
D:4 :


Innate Abilities, Weirdness & Mutations

You can be seen from farther away. (+LOS)
You are amphibious.
You cover ground slowly.
You can hop short distances.


Message History

There is a stone staircase leading up here.
Casting: Summon Ice Beast (quite dangerous; 32% risk of failure)
Confirm with . or Enter, or press ? or * to list all spells.
Okay, then.
You pick up a book of Minor Magic and begin reading...
You add the spells Magic Dart, Blink, Call Imp, Slow, Conjure Flame and Mephitic Cloud to your library.
You see here 14 poisoned darts.
A wight is nearby!
Found 15 arrows and a falchion.
Casting: Summon Ice Beast (quite dangerous; 32% risk of failure)
Confirm with . or Enter, or press ? or * to list all spells.
The spell is quite dangerous to cast (32% risk of failure)!
Continue anyway?
You feel a surge of power! A chill wind blows around you. The wight misses you.
The wight hits your ice beast with a +0 war axe.
The wight drains your ice beast.
You hit the wight but do no damage. The wight closely misses you.
The wight hits your ice beast with a +0 war axe.
The wight drains your ice beast.
Your ice beast hits the wight but does no damage.
You barely miss the wight. The wight barely misses you.
The wight hits your ice beast with a +0 war axe.
Your ice beast hits the wight but does no damage.
You hit the wight but do no damage. The wight hits you with a +0 war axe.
You feel drained.
The wight hits your ice beast but does no damage.
The wight hits your ice beast with a +2 long sword!
Your ice beast dies!
You hit the wight.
The wight is moderately damaged.
The wight hits you with a +0 war axe.
You feel drained.
You hit the wight but do no damage. The wight hits you with a +0 war axe!
You feel drained.
The wight hits you with a +2 long sword!
* * * LOW HITPOINT WARNING * * *
You feel drained.
* * * LOW HITPOINT WARNING * * *
The wight hits you with a +2 long sword.
* * * LOW HITPOINT WARNING * * *
You feel drained.
You die...

## #.#.####
#.#....##
#.#.....###
#.........#
#.(.......#
#.........#
#.........#
#.........#
#@z....<.##
#z#......#
#..#######
#..#
##..###
#...z.###
#.###...#
#.# ##....#
#.#
........#


You could see 3 wights.

Vanquished Creatures
  A nameless horror (D:4)
  A scorpion (D:4)
  A jelly (D:1)
  2 hounds (D:4)
  A centaur skeleton (D:4)
  Jessica (D:2)
  An orc wizard (D:3)
  A worker ant (D:4)
  6 gnolls (D:3)
  5 adders (D:3)
  4 oozes
  An adder skeleton (D:4)
  3 worms (D:3)
  A dart slug (D:3)
  2 leopard geckos
  6 orcs
  2 ball pythons
  9 bats
  7 giant cockroaches
  6 goblins
  9 hobgoblins
  18 jackals
  2 quokkas
  4 frilled lizards
  2 kobolds
  6 rats
102 creatures vanquished.

Vanquished Creatures (collateral kills)
  A butterfly (D:4)
1 creature vanquished.

Vanquished Creatures (others)
  A plant (D:4)
1 creature vanquished.

Grand Total: 104 creatures vanquished

Notes
Turn   | Place    | Note
-------+----------+-------------------------------------------
     0 | D:1      | Ajencis the Barachi Ice Elementalist began the quest for
                  | the Orb.
     0 | D:1      | Reached XP level 1. HP: 13/13 MP: 3/3
     0 | D:1      | Noticed a jelly
     1 | D:1      | Found a runed translucent door.
   285 | D:1      | Reached skill level 5 in Ice Magic
   285 | D:1      | Reached XP level 2. HP: 20/20 MP: 3/5
  1372 | D:2      | Noticed Jessica
  1374 | D:2      | Reached XP level 3. HP: 21/25 MP: 3/6
  1401 | D:2      | Killed Jessica
  1402 | D:2      | Reached skill level 1 in Fighting
  1402 | D:2      | Reached skill level 1 in Armour
  1429 | D:2      | Learned a level 3 spell: Frozen Ramparts
  1441 | D:2      | Reached XP level 4. HP: 32/32 MP: 3/7
  1864 | D:1      | Reached skill level 1 in Staves
  1864 | D:1      | Reached skill level 1 in Evocations
  1865 | D:1      | Reached XP level 5. HP: 32/38 MP: 4/8
  3000 | D:3      | Reached XP level 6. HP: 38/44 MP: 6/10
  3243 | D:3      | Reached skill level 6 in Ice Magic
  3746 | D:4      | Learned a level 4 spell: Summon Ice Beast
  4110 | D:4      | Noticed a nameless horror
  4123 | D:4      | Killed a nameless horror
  4576 | D:4      | Reached skill level 1 in Summonings
  4852 | D:4      | Found Teihuyt's Book Shop.
  4862 | D:4      | Reached XP level 7. HP: 35/51 MP: 7/11
  5281 | D:4      | Found a staircase to the Ecumenical Temple.
  5287 | Temple   | Entered the Ecumenical Temple
  5392 | Temple   | Became a worshipper of Cheibriados the Contemplative
  5634 | D:5      | Entered Level 5 of the Dungeon
  5831 | D:5      | HP: 1/46 [wight/+2 long sword (5)]
  5831 | D:5      | Slain by a wight

Illustrated notes

Levels and vault maps discovered:
D:1:      dpeg_arrival_caged_fury, layout_loops_ring, minmay_tetromino_t2
D:2:      layout_basic, uniq_jessica
D:3:      layout_loops_ring
D:4:      kb_forest_paths, layout_basic, minmay_temple_entry_butterflies,
          serial_shops, shop, serial_corexii_hall, corexii_hall_statues_x,
          corexii_hall_statues_i, serial_bayou_ford_a, minmay_misc_feat_hallway
D:5:      layout_cave_pods
Temple:   minmay_crystal_snake_temple

Skill      XL: |  1  2  3  4  5  6 |
---------------+-------------------+-----
Ice Magic      | 5 6 |  6.2
Stealth        | 2 3 |  3.1
Fighting       | 1 2 |  2.6
Armour         | 1 2 |  2.4
Staves         | 1 2 |  2.1
Evocations     | 1 2 |  2.1
Dodging        | 3 |  3.2
Spellcasting   | 3 |  3.1
Summonings     | 1 |  1.4

Action                   |  1- 3 |  4- 6 |  7- 9 || total
-------------------------+-------+-------+-------++-------
Melee: Staff             |     1 |   120 |    19 ||   140
 Cast: Freeze            |    36 |     5 |       ||    41
       Frozen Ramparts   |       |    23 |       ||    23
       Summon Ice Beast  |       |       |     2 ||     2
 Stab: Sleeping          |       |     2 |     1 ||     3
Armor: Robe              |    13 |     2 |       ||    15
Dodge: Dodged            |    15 |   111 |     8 ||   134

Table legend: (Time is in decaauts)
 A = Elapsed time spent in this place.
 B = Non-inter-level travel time spent in this place.
 C = Inter-level travel time spent in this place.
 D = Time resting spent in this place.
 E = Time spent auto-exploring this place.
 F = Levels seen in this place.
 G = Mean time per level.
                   A        B        C        D        E       F      G
               +--------+--------+--------+--------+--------+-----+--------+
         Total |   6573 |   6195 |    378 |      8 |   5055 |   6 | 1095.5 |
       Dungeon |   6263 |   5937 |    326 |      8 |   4818 |   5 | 1252.6 |
        Temple |    310 |    258 |     52 |      0 |    236 |   1 |  310.0 |
               +--------+--------+--------+--------+--------+-----+--------+

Top non-repeatable levels by time:
     D:4: 2042 daAuts
     D:3: 1895 daAuts
     D:1: 1261 daAuts
     D:2: 914 daAuts
  Temple: 310 daAuts
     D:5: 148 daAuts
